cohdb
Replays
Latest Replays
All Replays
Popular Replays
Top Player Replays
Match Explorer
How It Works
Community
CoH3 Stats
Reddit
Sign in to upload your games and track your stats! →
Sign in with Steam
Match 42744364
Unlisted
Match 42744364
Overview
Messages
Build Orders
End
Construct Section Command Post
Infantry Section
Infantry Section
ML 3-inch Mortar Team
Grenade Package
Vickers Machine Gun Team
Infantry Section
Infantry Section
Selects Air and Sea Battlegroup
Selects Commando Section Paradrop
Selects M1 Pack Howitzer Paradrop
Commando Section Paradrop
Construct Platoon Command Post
M1 Pack Howitzer Paradrop
Vickers Machine Gun Team
Infantry Training
6-pounder Anti-tank Gun Team
jfpp
ba hoodie
Abeli
YourMom'sPiesSoHotRightNow
0
0
Comments
sign in to comment!
No comments posted yet!